 Dungeon Crawl Stone Soup version 0.25.1-2-g60ff931df9 (webtiles) character file.

Game seed: 16329609850084005291

191 Impeuri the Sneak (level 5, -2/26 HPs)
             Began as a Vine Stalker Assassin on Aug 19, 2020.
             Succumbed to an orc wizard's poison
             ... on level 3 of the Dungeon.
             The game lasted 00:04:43 (1725 turns).

Impeuri the Sneak (Vine Stalker Assassin)           Turns: 1725, Time: 00:04:43

Health: -2/26      AC: 12    Str: 14    XL:     5   Next: 70%
Magic:  6/6        EV: 11    Int: 11    God:
Gold:   128        SH:  0    Dex: 16    Spells: 4/4 levels left

rFire    . . .     SeeInvis .   p - +2 rapier (protect)
rCold    . . .     Gourm    .   (no shield)
rNeg     . . .     Faith    .   u - +0 leather armour (curse)
rPois    .         Spirit   +   (no helmet)
rElec    .         Reflect  .   c - +0 cloak
rCorr    .         Harm     .   (no gloves)
MR       .....                  j - +0 pair of boots
Stlth    +++.......             (no amulet)
HPRegen  0.48/turn              (no ring)
MPRegen  0.10/turn              (no ring)

@: lethally poisoned (-2 -> -24), protection aura
A: fangs 2, regeneration 1, magic shield, antimagic bite, no potion heal 3, rot
immunity
a: no special abilities


You were on level 3 of the Dungeon.
You were not hungry.

You visited 1 branch of the dungeon, and saw 3 of its levels.

You collected 128 gold pieces.

Inventory:

Hand Weapons
 b - a +1 dagger of freezing
 p - a +2 rapier of protection (weapon)
Missiles
 d - 24 poisoned darts (quivered)
 e - 2 curare-tipped darts
Armour
 c - a +0 cloak (worn)
 j - a +0 pair of boots (worn)
 u - a cursed +0 leather armour (worn)
Scrolls
 i - a scroll of amnesia {unknown}
 l - 2 scrolls of teleportation {unknown}
 o - a scroll of blinking {unknown}
 q - 2 scrolls of remove curse {unknown}
 s - a scroll of identify {unknown}
 t - a scroll of enchant weapon {unknown}
Potions
 g - a potion of heal wounds {unknown}
 h - a potion of flight {unknown}
 k - a potion of might {unknown}
 n - a potion of cancellation {unknown}
 r - 2 potions of curing {unknown}
Comestibles
 a - 4 chunks of flesh
 f - 3 rations


   Skills:
 - Level 1.7 Fighting
 + Level 3.3 Short Blades
 + Level 3.3 Throwing
 - Level 0.7 Dodging
 + Level 6.3 Stealth


You had 4 spell levels left.
You didn't know any spells.
Your spell library was empty.

Dungeon Overview and Level Annotations

Branches:
Dungeon (3/15)

Altars:
Elyvilon
Ru
Xom


Innate Abilities, Weirdness & Mutations

You have extremely sharp teeth.
Your natural rate of healing is unusually fast.
When hurt, damage is shared between your health and your magic reserves.
Your bite disrupts and absorbs the magic of your enemies.
Potions cannot restore your health.
You are immune to rotting.


Message History

The poisoned dart closely misses the orc wizard.
* * * LOW HITPOINT WARNING * * *
You feel sick.
The orc wizard hits you but does no damage.
You are more poisoned.
You puncture the orc wizard!
Your weapon exudes an aura of protection.
You bite the orc wizard.
The orc wizard's magic leaks into the air.
You drain its magic.
You feel invigorated.
The orc wizard is almost dead.
* * * LOW HITPOINT WARNING * * *
You feel very sick.
The orc wizard gestures at you while chanting.
The magic dart hits you but does no damage.
The orc wizard hits you but does no damage.
You are more poisoned.
You hit the orc wizard.
You kill the orc wizard!
You die...

########## #........#
#........# #........#
####### #........#
#o)@..#
#........#####K###..#
...<.......#...### .#
.######..#..<#...# #
.# ##..#..#o#>## .#
##.....o#..# .#
##...)..#..# ..
##.....##.# ..
....#.......


You could see an orc and a kobold.

Vanquished Creatures
  An orc priest (D:3)
  3 orc wizards (D:3)
  2 adders
  An ooze (D:3)
  An adder skeleton (D:2)
  A worm (D:2)
  A dart slug (D:1)
  A leopard gecko (D:2)
  2 orcs (D:3)
  A ball python (D:1)
  5 giant cockroaches
  6 goblins
  6 hobgoblins
  5 jackals
  4 kobolds (D:1)
  A quokka (D:2)
  4 bats
  2 frilled lizards
  3 rats (D:1)
50 creatures vanquished.

Notes
Turn   | Place    | Note
-------+----------+-------------------------------------------
     0 | D:1      | Impeuri the Vine Stalker Assassin began the quest for the
                  | Orb.
     0 | D:1      | Reached XP level 1. HP: 11/11 MP: 2/2
   188 | D:1      | Reached skill level 5 in Stealth
   201 | D:1      | Reached XP level 2. HP: 15/15 MP: 3/3
   693 | D:1      | Reached XP level 3. HP: 14/18 MP: 4/4
  1181 | D:2      | Gained mutation: Your natural rate of healing is unusually
                  | fast. [Vine Stalker growth]
  1181 | D:2      | Reached XP level 4. HP: 15/23 MP: 3/5
  1309 | D:2      | Found a shimmering altar of Xom.
  1309 | D:2      | Found a sacrificial altar of Ru.
  1372 | D:2      | Found a white marble altar of Elyvilon.
  1649 | D:3      | Reached skill level 6 in Stealth
  1649 | D:3      | Reached XP level 5. HP: 18/26 MP: 2/6
  1724 | D:3      | HP: 1/26 [poisoned by an orc wizard]
  1725 | D:3      | Succumbed to an orc wizard's poison

Illustrated notes

Levels and vault maps discovered:
D:1:      lemuel_arrival_behind_the_door_large, layout_basic
D:2:      layout_rooms, elyvilon_altar_3, gammafunk_temple_overflow_elements,
          nrook_mini_vaults
D:3:      layout_rooms, bloody_trog

Skill      XL: |  1  2  3  4 |
---------------+-------------+-----
Short Blades   | 2 3 |  3.3
Throwing       | 2 3 |  3.3
Stealth        | 5 6 |  6.3
Fighting       | |  1.7
Dodging        | |  0.7

Action                   |  1- 3 |  4- 6 || total
-------------------------+-------+-------++-------
Melee: Dagger            |    85 |       ||    85
       Bite              |    16 |    20 ||    36
       Rapier            |    12 |    49 ||    61
Throw: Dart              |       |     2 ||     2
 Stab: Sleeping          |    14 |       ||    14
  Eat: Chunk             |     1 |     2 ||     3
Armor: Robe              |    30 |     1 ||    31
       Leather armour    |       |    22 ||    22
Dodge: Dodged            |    40 |    16 ||    56
